 Dungeon Crawl Stone Soup version 0.30-a0-242-g7bf8e6d787 (webtiles) character file.

Game seed: 5943963388333433516

368 KennySheep the Changer (level 6, 0/47 HPs)
             Began as a Demigod Transmuter on Oct 12, 2022.
             Slain by an ogre
             ... wielding a +0 giant spiked club
              (35 damage)
             ... on level 5 of the Dungeon.
             The game lasted 00:07:57 (4999 turns).

KennySheep the Changer (Demigod Transmuter)         Turns: 4999, Time: 00:07:58

Health: 0/47       AC:  2    Str: 11    XL:     6   Next: 17%
Magic:  9/11       EV: 19    Int: 23    God:
Gold:   174        SH:  0    Dex: 19    Spells: 2/8 levels left

rFire   . . .      SeeInvis .      - Unarmed
rCold   . . .      Faith    .    (shield currently unavailable)
rNeg    . . .      Spirit   .    (body armour currently unavailable)
rPois   x          Reflect  .    (helmet currently unavailable)
rElec   .          Harm     .    (cloak currently unavailable)
rCorr   .          Rampage  .    (gloves currently unavailable)
Will    .....                    (boots currently unavailable)
Stlth   ++........               (no amulet)
HPRegen 0.27/turn                (no ring)
MPRegen 0.12/turn                (no ring)

@: spider-form
A: venomous fangs, tiny, high MP 1, forlorn, divine attributes
a: End Transformation


You were on level 5 of the Dungeon.
You were a venomous arachnid creature.
You visited 1 branch of the dungeon, and saw 5 of its levels.

You collected 174 gold pieces.

Inventory:

Armour
 a - a +0 robe (melded)
 m - a +0 helmet (melded)
Scrolls
 c - 5 scrolls of identify {unknown}
 e - a scroll of blinking {unknown}
 g - a scroll of fear {unknown}
 h - a scroll of vulnerability {unknown}
 j - a scroll of acquirement {unknown}
 l - a scroll of torment {unknown}
 n - a scroll of butterflies {unknown}
 p - a scroll of immolation {unknown}
Potions
 b - a potion of lignification
 d - a potion of resistance {unknown}
 f - a potion of mutation {unknown}
 i - 3 potions of degeneration {unknown}
 k - a potion of flight {unknown}
 o - a potion of ambrosia {unknown}
 q - a potion of attraction {unknown}


   Skills:
 + Level 1.5 Fighting
 - Level 1.7 Dodging
 + Level 3.0 Unarmed Combat
 - Level 1.7 Spellcasting
 * Level 4.5 Transmutations
 * Level 2.6 Ice Magic
 - Level 2.0 Poison Magic


You had 2 spell levels left.
You knew the following spells:

 Your Spells              Type           Power      Damage    Failure   Level
a - Beastly Appendage     Tmut           46%        N/A       8%          1
b - Wereblood             Tmut           23%        N/A       11%         2
z - Spider Form           Tmut/Pois      17%        N/A       24%         3

Your spell library contained the following spells:

 Spells                   Type           Power      Damage    Failure   Level
 Magic Dart               Conj           8%         1d3       30%         1
 Searing Ray              Conj           4%         2d4       41%         2
 Static Discharge         Conj/Air       4%         2-3/arc   41%         2
 Ice Form                 Ice/Tmut       18%        N/A       52%         4
 Vhi's Electric Charge    Tloc/Air       4%         N/A       58%         3
 Fulminant Prism          Conj/Hex       1%         3d6       91%         4
 Arcjolt                  Conj/Air       1%         1d11      99%         5
 Lightning Bolt           Conj/Air       1%         1d12      99%         5


Dungeon Overview and Level Annotations

Branches:
Dungeon (5/15)
 Temple: D:4-7

Annotations:
D:3 3 runed translucent doors, Ekaitz's ghost, amateur DEFE


Innate Abilities, Weirdness & Mutations

You are a venomous arachnid creature.
You have poisonous fangs.
You are tiny and dextrous.
Your spellcasting is less reliable in this form.
Your armour is entirely melded.
You are incapable of wielding weapons or throwing items.
You have an increased reservoir of magic. (+10% MP)
You shall have no god before yourself.
Your divine heritage dramatically boosts your attributes as you level up.


Message History

You barely miss the adder. Your headbutt misses the adder.
The adder barely misses you.
You hit the adder. Your kick misses the adder.
The adder is moderately wounded.
The adder bites you.
You hit the adder. You headbutt the adder.
You kill the adder!
No target in view!
Okay, then.
Magic restored.
You see here an adder corpse.
Your transformation is almost over.
You see here a scarf of harm.
Your horns disappear.
Your talons disappear.
Your +0 helmet unmelds from your body.
An ogre comes into view. It is wielding a +0 giant spiked club.
Found an escape hatch in the floor.
The ogre shouts!
An ogre is nearby!
Casting: Beastly Appendage (safe; 1% risk of failure)
Confirm with . or Enter, or press ? or * to list all spells.
You turn into a venomous arachnid creature.
Your +0 helmet melds into your body.
Your +0 robe melds into your body.
You hit the ogre but do no damage.
The ogre is poisoned.
The ogre closely misses you.
You hit the ogre.
The ogre is lightly wounded.
The ogre hits you with a +0 giant spiked club!
You hit the ogre.
The ogre looks as sick as possible!
The ogre is moderately wounded.
You hit the ogre.
The ogre looks as sick as possible!
The ogre is moderately wounded.
The ogre misses you.
You hit the ogre.
The ogre is heavily wounded.
You hit the ogre.
The ogre looks as sick as possible!
The ogre is severely wounded.
The ogre hits you with a +0 giant spiked club!!
Ouch! That really hurt!
You die...

....#.#...........#.#
.....#.#.............#
#.. # #.###.#########
....#.#.# #.#
......#.###.#
............#
.....##.###.# .#. #.#
#.# #s# #.# ......O.#
..# .#.#.>... #.#
#.#.$..#.# #.######.#
. #


You could see an ogre (extremely poisoned).

Vanquished Creatures
  A phantom (D:4)
  2 hounds (D:4)
  3 iguanas (D:5)
  9 adders
  3 worms
  A dart slug (D:1)
  6 orcs
  8 endoplasms
  2 giant cockroaches
  6 goblins
  4 hobgoblins
  8 ball pythons
  7 bats
  4 frilled lizards
  3 kobolds
  3 rats (D:3)
70 creatures vanquished.

Notes
Turn   | Place    | Note
-------+----------+-------------------------------------------
     0 | D:1      | KennySheep the Demigod Transmuter began the quest for the
                  | Orb.
     0 | D:1      | Reached XP level 1. HP: 15/15 MP: 5/5
   186 | D:1      | Reached skill level 2 in Transmutations
   312 | D:1      | Reached skill level 1 in Poison Magic
   688 | D:1      | Reached XP level 2. HP: 20/22 MP: 7/7
   883 | D:1      | Learned a level 2 spell: Wereblood
  1435 | D:2      | Reached XP level 3. HP: 25/27 MP: 6/8
  1949 | D:2      | You fall into a shaft and drop 2 floors!
  2687 | D:3      | Reached skill level 3 in Transmutations
  2749 | D:3      | Found a runed translucent gate.
  2749 | D:3      | Found a runed translucent gate.
  2749 | D:3      | Found a runed translucent gate.
  2754 | D:3      | Noticed Ekaitz's ghost (amateur DEFE)
  2926 | D:3      | Reached XP level 4. HP: 14/34 MP: 9/9
  3475 | D:3      | Reached skill level 1 in Ice Magic
  3902 | D:4      | Noticed a phantom
  3914 | D:4      | Killed a phantom
  3915 | D:4      | Reached skill level 4 in Transmutations
  3915 | D:4      | Reached XP level 5. HP: 27/39 MP: 10/10
  3921 | D:4      | Learned a level 3 spell: Spider Form
  4054 | D:4      | Reached skill level 1 in Fighting
  4769 | D:5      | Entered Level 5 of the Dungeon
  4785 | D:5      | Reached XP level 6. HP: 33/47 MP: 8/11
  4999 | D:5      | Slain by an ogre

Illustrated notes

Levels and vault maps discovered:
D:1:      lemuel_arrival_funnel, layout_basic,
          ebering_ecumenical_altar_abandoned
D:2:      cheibrodos_old_hovel, layout_basic, serial_co_window_serial,
          co_window_corner_a, co_window_corner_a, co_window_paths_b,
          co_window_corner_a, co_window_corner_a, co_window_corner_b,
          co_window_paths_c, co_window_2corner, co_window_paths_d,
          glass_columns_a, glass_columns_b, glass_columns_c,
          minmay_misc_feat_nine_boxes, hangedman_decor_growths,
          guppyfry_early_lair_pool
D:3:      layout_loops_corners, cheibriados_altar_1, elyvilon_altar_5,
          gammafunk_ghost_necromancy, nicolae_figureground_sparkle
D:4:      layout_loops_ring
D:5:      layout_basic

Skill      XL: |  1  2  3  4  5 |
---------------+----------------+-----
Transmutations | 2 3 4 |  4.5
Poison Magic   | 1 2 |  2.0
Ice Magic      | 1 2 |  2.6
Fighting       | 1 |  1.5
Unarmed Combat | 3 |  3.0
Dodging        | |  1.7
Spellcasting   | |  1.7

Action                   |  1- 3 |  4- 6 || total
-------------------------+-------+-------++-------
Melee: Unarmed           |   143 |   139 ||   282
       Kick              |    22 |    19 ||    41
       Headbutt          |    11 |    13 ||    24
       Punch             |     2 |     1 ||     3
 Cast: Beastly Appendage |    14 |    12 ||    26
       Wereblood         |     1 |       ||     1
       Spider Form       |       |     2 ||     2
  Use: Potion            |       |     1 ||     1
 Stab: Sleeping          |     1 |     1 ||     2
Armor: Robe              |    27 |    23 ||    50
       Skin              |       |     4 ||     4
Dodge: Dodged            |    81 |   101 ||   182

Table legend: (Time is in decaauts)
 A = Elapsed time spent in this place.
 B = Non-inter-level travel time spent in this place.
 C = Inter-level travel time spent in this place.
 D = Time resting spent in this place.
 E = Time spent auto-exploring this place.
 F = Levels seen in this place.
 G = Mean time per level.
                   A        B        C        D        E       F      G
               +--------+--------+--------+--------+--------+-----+--------+
         Total |   4983 |   4753 |    230 |    424 |   3718 |   5 |  996.6 |
       Dungeon |   4983 |   4753 |    230 |    424 |   3718 |   5 |  996.6 |
               +--------+--------+--------+--------+--------+-----+--------+

Top non-repeatable levels by time:
     D:2: 1636 daAuts
     D:3: 1347 daAuts
     D:1: 895 daAuts
     D:4: 876 daAuts
     D:5: 228 daAuts
